| TOP OF THE 1ST |
|
Madison Brewers batting - Pitching for Victoria Capitals : LHP Jon Lyda
|
|
Pitching: LHP Jon Lyda
|
|
|
Batting: RHB Ben Follett
|
0-0: Called Strike 0-1: Foul Ball, location: 2F 0-2: Foul Ball, location: 2F 0-2: Ball 1-2: Foul Ball, location: 2F 1-2: Foul Ball, location: 2F 1-2: Ball 2-2: Ball 3-2: Fly out, F9 (Line Drive, 9LS, EV 106.2 MPH)
|
|
Batting: RHB Malcolm McCauley
|
0-0: Called Strike 0-1: Swinging Strike 0-2: DOUBLE (Groundball, 5L, EV 108.1 MPH)
|
|
Batting: RHB Bobby Raya
|
0-0: Ball 1-0: Called Strike 1-1: Foul Ball, location: 2F 1-2: Ball 2-2: SINGLE (Groundball, 6MD, EV 98.1 MPH) Malcolm McCauley to third Runner from 3rd tries for Home, SAFE, throw by CF to home Bobby Raya to second
|
|
Batting: LHB Bill Kovac
|
0-0: Called Strike 0-1: Ball 1-1: Foul Ball, location: 2F 1-2: Strikes out swinging
|
|
Batting: LHB Danny Roberts
|
0-0: Ball 1-0: Foul Ball, location: 2F 1-1: Swinging Strike 1-2: Foul Ball, location: 2F 1-2: Ball 2-2: Foul Ball, location: 2F 2-2: Foul Ball, location: 2F 2-2: DOUBLE (Flyball, 8RXD, EV 98.8 MPH) Bobby Raya scores
|
|
Batting: RHB Patrick Foote
|
0-0: Ball 1-0: Foul Ball, location: 2F 1-1: Ball 2-1: Ball 3-1: Foul Ball, location: 2F 3-2: Strikes out swinging
|
| Top of the 1st over - 2 runs, 3 hits, 0 errors, 1 left on base; Madison 2 - Victoria 0 |
| BOTTOM OF THE 1ST |
|
Victoria Capitals batting - Pitching for Madison Brewers : RHP Justin Post
|
|
Pitching: RHP Justin Post
|
|
|
Batting: RHB Mike Reynolds
|
0-0: Called Strike 0-1: Ball 1-1: Foul Ball, location: 2F 1-2: Foul Ball, location: 2F 1-2: Strikes out looking
|
|
Batting: RHB Antonio Arechiga
|
0-0: Ball 1-0: Fly out, F8 (Flyball, 8RM, EV 85.0 MPH)
|
|
Batting: LHB Jason Cary
|
0-0: Called Strike 0-1: Ball 1-1: Foul Ball, location: 2F 1-2: Ball 2-2: Strikes out swinging
|
| Bottom of the 1st over - 0 runs, 0 hits, 0 errors, 0 left on base; Madison 2 - Victoria 0 |
| TOP OF THE 2ND |
|
Madison Brewers batting - Pitching for Victoria Capitals : LHP Jon Lyda
|
|
Batting: LHB Jackson Wither
|
0-0: Ball 1-0: Ball 2-0: Called Strike 2-1: Swinging Strike 2-2: Ground out U3 (Groundball, 34S, EV 87.5 MPH)
|
|
Batting: RHB Dave Guevara
|
0-0: Ball 1-0: Fly out, F1 (Line Drive, P, EV 68.8 MPH)
|
|
Batting: LHB Andy Underwood
|
0-0: Ball 1-0: Ground out 5-3 (Groundball, 5L, EV 105.6 MPH)
|
| Top of the 2nd over - 0 runs, 0 hits, 0 errors, 0 left on base; Madison 2 - Victoria 0 |
| BOTTOM OF THE 2ND |
|
Victoria Capitals batting - Pitching for Madison Brewers : RHP Justin Post
|
|
Batting: RHB Hyeon-cheong Lee
|
0-0: Called Strike 0-1: Called Strike 0-2: Foul Ball, location: 2F 0-2: Ball 1-2: Ball 2-2: Fly out, F8 (Flyball, 89S, EV 86.9 MPH)
|
|
Batting: LHB Willard Balcome
|
0-0: Foul Ball, location: 2F 0-1: Ground out 5-3 (Groundball, 56S, EV 78.8 MPH)
|
|
Batting: SHB Rich Roberts
|
0-0: Called Strike 0-1: Foul Ball, location: 2F 0-2: Ball 1-2: Foul Ball, location: 2F 1-2: SOLO HOME RUN (Flyball, 9D, EV 100.6 MPH), Distance : 373 ft
|
|
Batting: LHB Mike Jones
|
0-0: Foul Ball, location: 2F 0-1: Foul Ball, location: 2F 0-2: Ball 1-2: Strikes out swinging
|
| Bottom of the 2nd over - 1 run, 1 hit, 0 errors, 0 left on base; Madison 2 - Victoria 1 |
| TOP OF THE 3RD |
|
Madison Brewers batting - Pitching for Victoria Capitals : LHP Jon Lyda
|
|
Batting: RHB Ben Follett
|
0-0: Foul Ball, location: 2F 0-1: Called Strike 0-2: Ball 1-2: Ball 2-2: Ball 3-2: Foul Ball, location: 2F 3-2: Base on Balls
|
|
Batting: RHB Malcolm McCauley
|
0-0: Foul Ball, location: 2F 0-1: Ball 1-1: Called Strike 1-2: Strikes out looking
|
|
Batting: RHB Bobby Raya
|
0-0: Called Strike 0-1: Foul Ball, location: 2F 0-2: Ball 1-2: Strikes out swinging
|
|
Batting: LHB Bill Kovac
|
0-0: Called Strike 0-1: SINGLE (Line Drive, 9S, EV 100.6 MPH) Ben Follett to second Runner from 2nd tries for 3rd, SAFE, throw by RF made to third
|
|
Batting: LHB Danny Roberts
|
0-0: Foul Ball, location: 2F 0-1: Ball 1-1: Called Strike 1-2: Ball 2-2: Foul Ball, location: 2F 2-2: Strikes out looking
|
| Top of the 3rd over - 0 runs, 1 hit, 0 errors, 2 left on base; Madison 2 - Victoria 1 |
| BOTTOM OF THE 3RD |
|
Victoria Capitals batting - Pitching for Madison Brewers : RHP Justin Post
|
|
Batting: RHB Ray Wathey
|
0-0: Ball 1-0: Swinging Strike 1-1: Swinging Strike 1-2: Strikes out swinging
|
|
Batting: RHB Kyung-hwan Lee
|
0-0: Foul Ball, location: 2F 0-1: Foul Ball, location: 2F 0-2: Ball 1-2: Ball 2-2: Foul Ball, location: 2F 2-2: Strikes out swinging
|
|
Batting: RHB Mike Reynolds
|
0-0: Foul Ball, location: 2F 0-1: Foul Ball, location: 2F 0-2: Foul Ball, location: 2F 0-2: Strikes out swinging
|
| Bottom of the 3rd over - 0 runs, 0 hits, 0 errors, 0 left on base; Madison 2 - Victoria 1 |
| TOP OF THE 4TH |
|
Madison Brewers batting - Pitching for Victoria Capitals : LHP Jon Lyda
|
|
Batting: RHB Patrick Foote
|
0-0: Ball 1-0: Ball 2-0: Foul Ball, location: 2F 2-1: Swinging Strike 2-2: Foul Ball, location: 2F 2-2: Ball 3-2: Strikes out looking
|
|
Batting: LHB Jackson Wither
|
0-0: Ball 1-0: Swinging Strike 1-1: Foul Ball, location: 2F 1-2: Strikes out swinging
|
|
Batting: RHB Dave Guevara
|
0-0: DOUBLE (Groundball, 5L, EV 101.9 MPH)
|
|
Batting: LHB Andy Underwood
|
0-0: Ball 1-0: Swinging Strike 1-1: Ball Wild Pitch! Dave Guevara to third 2-1: Ball 3-1: Foul Ball, location: 2F 3-2: Base on Balls
|
|
Batting: RHB Ben Follett
|
0-0: Foul Ball, location: 2F 0-1: Foul Ball, location: 2F 0-2: Fly out, F3 (Popup, 3SF, EV 88.1 MPH)
|
| Top of the 4th over - 0 runs, 1 hit, 0 errors, 2 left on base; Madison 2 - Victoria 1 |
| BOTTOM OF THE 4TH |
|
Victoria Capitals batting - Pitching for Madison Brewers : RHP Justin Post
|
|
Batting: RHB Antonio Arechiga
|
0-0: Called Strike 0-1: Swinging Strike 0-2: Foul Ball, location: 2F 0-2: Ball 1-2: Strikes out looking
|
|
Batting: LHB Jason Cary
|
0-0: Ball 1-0: Ball 2-0: Called Strike 2-1: Foul Ball, location: 2F 2-2: Fly out, F8 (Flyball, 8LXD, EV 96.9 MPH)
|
|
Batting: RHB Hyeon-cheong Lee
|
0-0: Foul Ball, location: 2F 0-1: Fly out, F8 (Flyball, 89D, EV 90.6 MPH)
|
| Bottom of the 4th over - 0 runs, 0 hits, 0 errors, 0 left on base; Madison 2 - Victoria 1 |
| TOP OF THE 5TH |
|
Madison Brewers batting - Pitching for Victoria Capitals : LHP Jon Lyda
|
|
Batting: RHB Malcolm McCauley
|
0-0: Ball 1-0: Called Strike 1-1: SINGLE (Line Drive, 34D, EV 107.5 MPH)
|
|
Batting: RHB Bobby Raya
|
0-0: Ball 1-0: Ball 2-0: Ball 3-0: Called Strike 3-1: Swinging Strike 3-2: Grounds into double play, 6-4-3 (Groundball, 6, EV 101.9 MPH)
|
|
Batting: LHB Bill Kovac
|
0-0: Ball 1-0: Ball 2-0: Ball 3-0: Base on Balls
|
|
Batting: LHB Danny Roberts
|
0-0: Ball 1-0: Foul Ball, location: 2F 1-1: Ball 2-1: Ball 3-1: Foul Ball, location: 2F 3-2: 2-RUN HOME RUN (Flyball, 7LD, EV 96.2 MPH), Distance : 333 ft
|
|
Batting: RHB Patrick Foote
|
0-0: Called Strike 0-1: Ball 1-1: Swinging Strike 1-2: Strikes out swinging
|
| Top of the 5th over - 2 runs, 2 hits, 0 errors, 0 left on base; Madison 4 - Victoria 1 |
| BOTTOM OF THE 5TH |
|
Victoria Capitals batting - Pitching for Madison Brewers : RHP Justin Post
|
|
Batting: LHB Willard Balcome
|
0-0: Called Strike 0-1: SOLO HOME RUN (Flyball, 9D, EV 99.4 MPH), Distance : 389 ft
|
|
Batting: SHB Rich Roberts
|
0-0: Foul Ball, location: 2F 0-1: Foul Ball, location: 2F 0-2: Ground out 6-3 (Groundball, 6, EV 88.1 MPH)
|
|
Batting: LHB Mike Jones
|
0-0: Swinging Strike 0-1: Ball 1-1: DOUBLE (Line Drive, 9LM, EV 87.5 MPH)
|
|
Batting: RHB Ray Wathey
|
0-0: Foul Ball, location: 2F 0-1: Called Strike 0-2: Ball 1-2: Strikes out swinging
|
|
Batting: RHB Kyung-hwan Lee
|
0-0: Called Strike 0-1: Foul Ball, location: 2F 0-2: Foul Ball, location: 2F 0-2: Fly out, F8 (Flyball, 8LD, EV 81.9 MPH)
|
| Bottom of the 5th over - 1 run, 2 hits, 0 errors, 1 left on base; Madison 4 - Victoria 2 |
| TOP OF THE 6TH |
|
Madison Brewers batting - Pitching for Victoria Capitals : LHP Jon Lyda
|
|
Pitching: RHP Terry Jeffrey
|
|
|
Batting: LHB Jackson Wither
|
0-0: Called Strike 0-1: Fly out, F8 (Flyball, 78D, EV 96.2 MPH)
|
|
Batting: RHB Dave Guevara
|
0-0: Fly out, F7 (Flyball, 7, EV 89.4 MPH)
|
|
Batting: LHB Andy Underwood
|
0-0: Ball 1-0: Called Strike 1-1: Called Strike 1-2: Foul Ball, location: 2F 1-2: Foul Ball, location: 2F 1-2: Foul Ball, location: 2F 1-2: Ball 2-2: SINGLE (Line Drive, 89S, EV 91.2 MPH)
|
|
Batting: RHB Ben Follett
|
0-0: Called Strike 0-1: Called Strike 0-2: Ball 1-2: Ball 2-2: Foul Ball, location: 2F 2-2: Ball 3-2: Fly out, F8 (Flyball, 8RD, EV 81.2 MPH)
|
| Top of the 6th over - 0 runs, 1 hit, 0 errors, 1 left on base; Madison 4 - Victoria 2 |
| BOTTOM OF THE 6TH |
|
Victoria Capitals batting - Pitching for Madison Brewers : RHP Justin Post
|
|
Batting: RHB Mike Reynolds
|
0-0: Ball 1-0: Called Strike 1-1: Foul Ball, location: 2F 1-2: Ball 2-2: Foul Ball, location: 2F 2-2: Foul Ball, location: 2F 2-2: Strikes out looking
|
|
Pitching: RHP Jonathan Kurth
|
|
|
Batting: RHB Antonio Arechiga
|
0-0: Fly out, F8 (Flyball, 8LXD, EV 100.6 MPH)
|
|
Batting: LHB Jason Cary
|
0-0: Called Strike 0-1: Swinging Strike 0-2: Ball 1-2: Foul Ball, location: 2F 1-2: Ball 2-2: Strikes out swinging
|
| Bottom of the 6th over - 0 runs, 0 hits, 0 errors, 0 left on base; Madison 4 - Victoria 2 |
| TOP OF THE 7TH |
|
Madison Brewers batting - Pitching for Victoria Capitals : RHP Terry Jeffrey
|
|
Pitching: RHP Joey Mallandaine
|
|
|
Batting: RHB Malcolm McCauley
|
0-0: Ball 1-0: Ball 2-0: Foul Ball, location: 2F 2-1: Ball 3-1: Foul Ball, location: 2F 3-2: DOUBLE (Line Drive, 7LS, EV 103.8 MPH)
|
|
Batting: RHB Bobby Raya
|
0-0: Ball 1-0: SINGLE (Groundball, 4MD, EV 98.8 MPH) Malcolm McCauley to third
|
|
Batting: LHB Bill Kovac
|
0-0: Swinging Strike 0-1: SINGLE (Line Drive, 6MD, EV 94.4 MPH) Malcolm McCauley scores Bobby Raya to second
|
|
Batting: LHB Danny Roberts
|
0-0: Ball 1-0: Foul Ball, location: 2F 1-1: Foul Ball, location: 2F 1-2: Foul Ball, location: 2F 1-2: Ball 2-2: Ball 3-2: Fielders Choice at 2nd, 3-6 (Groundball, 34, EV 89.4 MPH) Bobby Raya to third
|
|
Batting: RHB Patrick Foote
|
0-0: Ball 1-0: Called Strike 1-1: Swinging Strike 1-2: Foul Ball, location: 2F 1-2: Ball 2-2: Strikes out looking
|
|
Batting: LHB Jackson Wither
|
0-0: Ball 1-0: Called Strike 1-1: Ground out 1-3 (Groundball, 13S, EV 63.8 MPH)
|
| Top of the 7th over - 1 run, 3 hits, 0 errors, 2 left on base; Madison 5 - Victoria 2 |
| BOTTOM OF THE 7TH |
|
Victoria Capitals batting - Pitching for Madison Brewers : RHP Jonathan Kurth
|
|
Pinch Hitting: RHB Roberto Medina
|
0-0: Foul Ball, location: 2F 0-1: Ball 1-1: Ball 2-1: Ball 3-1: Called Strike 3-2: Foul Ball, location: 2F 3-2: Ground out 6-3 (Groundball, 56, EV 106.9 MPH)
|
|
Batting: LHB Willard Balcome
|
0-0: Swinging Strike 0-1: Foul Ball, location: 2F 0-2: Foul Ball, location: 2F 0-2: Strikes out swinging
|
|
Batting: SHB Rich Roberts
|
0-0: Swinging Strike 0-1: Ball 1-1: Ball 2-1: Ground out U3 (Groundball, 34, EV 92.5 MPH)
|
| Bottom of the 7th over - 0 runs, 0 hits, 0 errors, 0 left on base; Madison 5 - Victoria 2 |
| TOP OF THE 8TH |
|
Madison Brewers batting - Pitching for Victoria Capitals : RHP Joey Mallandaine
|
|
Pitching: RHP Andy Schmidt
|
|
|
Now in RF: Rick Harrison
|
|
|
Batting: RHB Dave Guevara
|
0-0: Swinging Strike 0-1: Called Strike 0-2: Strikes out looking
|
|
Pinch Hitting: RHB Yang-cheng Kui
|
0-0: Called Strike 0-1: Ball 1-1: Ball 2-1: Called Strike 2-2: Foul Ball, location: 2F 2-2: Ground out 5-3 (Groundball, 56, EV 103.1 MPH)
|
|
Batting: RHB Ben Follett
|
0-0: Swinging Strike 0-1: Foul Ball, location: 2F 0-2: Ball 1-2: Ball 2-2: Foul Ball, location: 2F 2-2: Foul Ball, location: 2F 2-2: Fly out, F9 (Line Drive, 89M, EV 99.4 MPH)
|
| Top of the 8th over - 0 runs, 0 hits, 0 errors, 0 left on base; Madison 5 - Victoria 2 |
| BOTTOM OF THE 8TH |
|
Victoria Capitals batting - Pitching for Madison Brewers : RHP Jonathan Kurth
|
|
Now at 1B: Jelani Griffin
|
|
|
Now at 2B: Jackson Wither
|
|
|
Now at 3B: Noah Peek
|
|
|
Now in LF: Rick Acevedo
|
|
|
Now in RF: Danny Roberts
|
|
|
Batting: LHB Mike Jones
|
0-0: Fly out, F9 (Flyball, 9LM, EV 90.6 MPH)
|
|
Pinch Hitting: LHB Adam Lupfer
|
0-0: Ball 1-0: Ball 2-0: SINGLE (Groundball, 5D, EV 97.5 MPH)
|
|
Batting: RHB Kyung-hwan Lee
|
0-0: Fielders Choice at 2nd, 6-4 (Groundball, 56, EV 86.2 MPH)
|
|
Pinch Hitting: RHB Nick Ellis
|
0-0: Ball 1-0: Ball 2-0: Foul Ball, location: 2F 2-1: Foul Ball, location: 2F 2-2: Fly out, F8 (Line Drive, 8RM, EV 88.1 MPH)
|
| Bottom of the 8th over - 0 runs, 1 hit, 0 errors, 1 left on base; Madison 5 - Victoria 2 |
| TOP OF THE 9TH |
|
Madison Brewers batting - Pitching for Victoria Capitals : RHP Andy Schmidt
|
|
Now at 3B: Nick Ellis
|
|
|
Now at SS: Kevin Harris
|
|
|
Batting: RHB Malcolm McCauley
|
0-0: Foul Ball, location: 2F 0-1: Ball 1-1: Foul Ball, location: 2F 1-2: Foul Ball, location: 2F 1-2: Ball 2-2: Fly out, F8 (Flyball, 8RD, EV 90.6 MPH)
|
|
Batting: RHB Jelani Griffin
|
0-0: Foul Ball, location: 2F 0-1: Swinging Strike 0-2: Ball 1-2: Ball 2-2: SOLO HOME RUN (Flyball, 7D, EV 99.4 MPH), Distance : 366 ft
|
|
Batting: LHB Bill Kovac
|
0-0: Ball 1-0: SOLO HOME RUN (Flyball, 89XD, EV 103.1 MPH), Distance : 422 ft
|
|
Batting: LHB Danny Roberts
|
0-0: Ground out 4-3 (Groundball, 4, EV 79.4 MPH)
|
|
Batting: RHB Patrick Foote
|
0-0: Swinging Strike 0-1: Ball 1-1: Ball 2-1: Called Strike 2-2: Strikes out swinging
|
| Top of the 9th over - 2 runs, 2 hits, 0 errors, 0 left on base; Madison 7 - Victoria 2 |
| BOTTOM OF THE 9TH |
|
Victoria Capitals batting - Pitching for Madison Brewers : RHP Jonathan Kurth
|
|
Pitching: RHP Matt Stearns
|
|
|
Pinch Hitting: LHB Yen-ti Zhu
|
0-0: Called Strike 0-1: Ball 1-1: Ground out 6-3 (Groundball, 6, EV 90.0 MPH)
|
|
Batting: LHB Jason Cary
|
0-0: Swinging Strike 0-1: Ball 1-1: Foul Ball, location: 2F 1-2: Ball 2-2: Strikes out looking
|
|
Batting: LHB Rick Harrison
|
0-0: Swinging Strike 0-1: Swinging Strike 0-2: Strikes out swinging
|
| Bottom of the 9th over - 0 runs, 0 hits, 0 errors, 0 left on base; Madison 7 - Victoria 2 |
|